 Dungeon Crawl Stone Soup version 0.22.1-1-ga44c0e5 (webtiles) character file.

522 Iscandelvey the Slasher (level 6, -14/48 HPs)
             Began as a Demigod Gladiator on Sept 26, 2018.
             Demolished by an ogre
             ... wielding a cursed -3 giant club
              (18 damage)
             ... on level 5 of the Dungeon.
             The game lasted 00:12:52 (3536 turns).

Iscandelvey the Slasher (Demigod Gladiator)         Turns: 3536, Time: 00:12:53

Health: -14/48     AC:  7    Str: 21    XL:     6   Next: 70%
Magic:  8/8        EV: 12    Int: 12    God:
Gold:   164        SH:  0    Dex: 17    Spells: 5/5 levels left

rFire    + . .     SeeInvis .   a - +0 long sword
rCold    . . .     Gourm    +   (no shield)
rNeg     . . .     Faith    .   e - +0 scale mail
rPois    .         Spirit   .   c - +0 helmet
rElec    .         Reflect  .   g - scarf {repulsion}
rCorr    .         Harm     .   (no gloves)
MR       .....                  (no boots)
Stlth    ..........             A - amulet of the gourmand
HPRegen  0.16/turn              C - ring of protection from fire
MPRegen  0.11/turn              (no ring)

@: repel missiles
A: high mp 1
a: no special abilities


You were on level 5 of the Dungeon.
You were not hungry.

You visited 1 branch of the dungeon, and saw 5 of its levels.

You collected 164 gold pieces.

Inventory:

Hand Weapons
 a - a +0 long sword (weapon)
 x - a +1 shortbow of freezing
Missiles
 d - 3 throwing nets (quivered)
 y - 16 arrows
 z - 6 tomahawks of returning
Armour
 b - a +0 leather armour
 c - a +0 helmet (worn)
 e - a +0 scale mail (worn)
 g - a scarf of repulsion (worn)
 r - a +0 cloak
 E - a +0 chain mail
Jewellery
 A - an amulet of the gourmand (around neck)
 B - an uncursed amulet of magic regeneration
 C - a ring of protection from fire (left hand)
Scrolls
 l - 2 scrolls of teleportation {unknown}
 m - 3 scrolls of remove curse
 n - 2 scrolls of amnesia {unknown}
 p - a scroll of noise {unknown}
 s - a scroll of random uselessness {unknown}
 u - a scroll of identify {unknown}
Potions
 h - 2 potions of mutation {unknown}
 i - 2 potions of agility {unknown}
 j - 3 potions of curing
 k - a potion of degeneration {unknown}
 o - a potion of might {unknown}
 q - a potion of brilliance {unknown}
 t - a potion of heal wounds {unknown}
 v - a potion of lignification {unknown}
 w - a potion of flight {unknown}
 D - a potion of haste {unknown}
Comestibles
 f - 5 rations


   Skills:
 - Level 1.7 Fighting
 * Level 6.2 Long Blades
 - Level 1.7 Throwing
 + Level 2.7 Armour
 + Level 3.4 Dodging
 + Level 0.1 Stealth


You had 5 spell levels left.
You didn't know any spells.
Your spell library was empty.

Dungeon Overview and Level Annotations

Branches:
Dungeon (5/15)             Temple (0/1) D:4


Innate Abilities, Weirdness & Mutations

You have an increased reservoir of magic. (+10% MP)


Message History

You closely miss the adder zombie.
The adder zombie is almost destroyed.
The ogre hits you with a giant club!
The adder zombie bites you but does no damage.
You are too injured to fight recklessly!
You slash the ogre!
The ogre is moderately wounded.
The adder zombie closely misses you.
You riposte.
You hit the adder zombie but do no damage.
The adder zombie is almost destroyed.
The ogre hits you with a giant club!!
* * * LOW HITPOINT WARNING * * *
You hear a bark!
As you read the scroll labeled PULIMIKALA, it crumbles to dust.
You feel blessed for a moment.
It was a scroll of remove curse.
A hound comes into view.
The adder zombie barely misses you.
You riposte.
You slash the adder zombie!
You destroy the adder zombie!
The ogre hits you with a giant club!!
You die...

#####........#
#............#
#......#########
#...<..'.#.....
#......#.#..######
########..........
.....>##..######
#####. #$.......
#.##@.#####.
#.#..O......
#.#...######
#.#h### .. ...
#... #... ##.#


You could see an ogre and a hound.

Vanquished Creatures
  An ogre (D:4)
  A centaur (D:3)
  A scorpion (D:4)
  A hound (D:4)
  A bullfrog skeleton (D:4)
  A centaur skeleton (D:4)
  A worker ant (D:4)
  A hound skeleton (D:4)
  6 adders
  An ooze (D:2)
  2 adder zombies (D:5)
  5 worms
  3 dart slugs
  A leopard gecko (D:2)
  5 orcs
  A ball python (D:3)
  5 giant cockroaches
  8 hobgoblins
  14 jackals
  7 kobolds
  13 bats
  7 frilled lizards
  10 goblins
  A leopard gecko skeleton (D:4)
  10 rats
107 creatures vanquished.

Notes
Turn   | Place    | Note
-------+----------+-------------------------------------------
     0 | D:1      | Iscandelvey the Demigod Gladiator began the quest for the
                  | Orb.
     0 | D:1      | Reached XP level 1. HP: 17/17 MP: 3/3
    38 | D:1      | Reached skill level 3 in Long Blades
    47 | D:1      | Reached XP level 2. HP: 12/24 MP: 4/4
   496 | D:1      | Reached XP level 3. HP: 27/29 MP: 5/5
   825 | D:2      | Reached skill level 1 in Armour
  1181 | D:2      | Reached skill level 4 in Long Blades
  1181 | D:2      | Reached XP level 4. HP: 26/36 MP: 6/6
  1632 | D:3      | Noticed a centaur
  1639 | D:3      | Killed a centaur
  1639 | D:3      | Reached skill level 5 in Long Blades
  1639 | D:3      | Reached XP level 5. HP: 23/41 MP: 7/7
  2598 | D:3      | Found an ancient bone altar of Kikubaaqudgha.
  2599 | D:3      | Found a deep blue altar of Sif Muna.
  2842 | D:4      | Found a deep blue altar of Sif Muna.
  2913 | D:4      | Found a staircase to the Ecumenical Temple.
  2954 | D:4      | Reached XP level 6. HP: 45/48 MP: 8/8
  3103 | D:4      | Found a shadowy altar of Dithmenos.
  3428 | D:4      | Reached skill level 6 in Long Blades
  3509 | D:5      | Entered Level 5 of the Dungeon
  3536 | D:5      | Demolished by an ogre

Skill      XL: |  1  2  3  4  5  6 |
---------------+-------------------+-----
Long Blades    | 3 4 5 6 |  6.2
Dodging        | 3 |  3.4
Armour         | 1 2 |  2.7
Fighting       | |  1.7
Throwing       | |  1.7
Stealth        | |  0.1

Action                   |  1- 3 |  4- 6 || total
-------------------------+-------+-------++-------
Melee: Long sword        |   121 |   175 ||   296
  Use: Scroll            |       |     1 ||     1
       Potion            |       |     1 ||     1
  Eat: Chunk             |     1 |    16 ||    17
Armor: Leather armour    |     3 |       ||     3
       Scale mail        |    61 |    75 ||   136
Dodge: Dodged            |   141 |   115 ||   256
       Deflected         |       |     1 ||     1
       Rpst.: Long sword |    41 |    40 ||    81
